 Dungeon Crawl Stone Soup version 0.20.1-1-g8b1a95d66d (webtiles) character file.

96 Kublaii the Poker (level 4, 0/38 HPs)
             Began as a Draconian Berserker on Dec 14, 2017.
             Was a Believer of Trog.
             Killed by divine providence
             ... invoked by an orc priest
              (8 damage)
             ... on level 3 of the Dungeon on Dec 15, 2017.
             The game lasted 00:11:00 (1473 turns).

Kublaii the Poker (Draconian Berserker)             Turns: 1473, Time: 00:11:00

Health: 0/38       AC:  5    Str: 19    XL:     4   Next: 41%
Magic:  4/4        EV: 13    Int:  9    God:    Trog [**....]
Gold:   111        SH:  0    Dex: 10    Spells: 3/3 levels left

rFire    . . .     SeeInvis .   a - +0 spear
rCold    . . .     Gourm    .   (no shield)
rNeg     . . .     Faith    .   (armour unavailable)
rPois    +         Spirit   .   (helmet restricted)
rElec    .         Reflect  .   (no cloak)
rCorr    .         Harm     .   (no gloves)
MR       .....                  (no boots)
Stlth    +.........             (no amulet)
Regen    0.2/turn               h - ring of poison resistance
MPRegen  0.1/turn               (no ring)

@: no status effects
A: unfitting armour, cold-blooded, AC +5
a: Berserk, Trog's Hand, Burn Spellbooks, Renounce Religion


You were on level 3 of the Dungeon.
You worshipped Trog.
Trog was pleased with you.
You were hungry.

You visited 1 branch of the dungeon, and saw 3 of its levels.

You collected 111 gold pieces.

Inventory:

Hand Weapons
 a - a +0 spear (weapon)
 b - a +0 hunting sling
Missiles
 c - 31 stones (quivered)
 d - 20 sling bullets
 i - a throwing net
Jewellery
 h - a ring of poison resistance (left hand)
Scrolls
 e - 4 scrolls of remove curse {unknown}
 f - 3 scrolls of identify {unknown}
 k - a scroll of enchant armour {unknown}
 l - 4 scrolls of teleportation {unknown}
 n - a scroll of immolation {unknown}
Potions
 g - 2 potions of heal wounds {unknown}
 j - a potion of agility {unknown}
 m - a potion of berserk rage {unknown}
 r - a potion of might {unknown}
 t - a potion of ambrosia {unknown}
Comestibles
 o - 2 royal jellies
 p - 4 bread rations
 s - a meat ration


   Skills:
 - Level 3.2 Fighting
 + Level 4.3 Polearms
 + Level 3.8 Dodging


You had 3 spell levels left.
You didn't know any spells.

Dungeon Overview and Level Annotations

Branches:
Dungeon (3/15)

Altars:
Cheibriados
Kikubaaqudgha
Ru


Innate Abilities, Weirdness & Mutations

Your plain brown scales are hard. (AC +5)
You cannot fit into any form of body armour.
You are cold-blooded and may be slowed by cold attacks.


Message History

You hit the orc priest but do no damage.
You tail-slap the orc priest, but do no damage.
The orc priest is moderately wounded.
You hit the orc priest.
The orc priest is severely wounded.
The orc priest closely misses you.
You closely miss the orc priest.
The orc priest is severely wounded.
The orc priest misses you. The orc hits you with a mace.
You completely miss the orc priest.
Your tail-slap misses the orc priest.
The orc priest is severely wounded.
The orc priest calls down the wrath of Beogh upon you.
Beogh smites you!
The orc priest calls down the wrath of Beogh upon you.
Beogh smites you!
* * * LOW HITPOINT WARNING * * *
You hear a shout!
The orc priest mumbles some strange prayers to Beogh against you.
Beogh smites you!
You die...

#..........#####..#
#..........'.....>#
#......†...########
#######.#### #.#
#.########.#
#.##o)(o(..# #.##o#
#.##@## #.....#
#######


You could see an orc priest and an orc.

Vanquished Creatures
  An orc wizard (D:2)
  2 adders
  A worm (D:2)
  2 dart slugs
  3 leopard geckos
  2 orcs (D:3)
  2 ball pythons (D:2)
  7 bats
  A giant cockroach (D:2)
  7 goblins
  2 hobgoblins
  2 kobolds
  A quokka (D:3)
  A frilled lizard (D:2)
  5 rats
39 creatures vanquished.

Notes
Turn   | Place    | Note
-------+----------+-------------------------------------------
     0 | D:1      | Kublaii the Draconian Berserker began the quest for the Orb.
     0 | D:1      | Reached XP level 1. HP: 19/19 MP: 1/1
   243 | D:1      | Reached XP level 2. HP: 26/26 MP: 2/2
   797 | D:2      | Reached ** piety under Trog
   824 | D:2      | Reached XP level 3. HP: 25/31 MP: 3/3
   922 | D:2      | Found a sacrificial altar of Ru.
   953 | D:2      | Found a sacrificial altar of Ru.
   970 | D:2      | Reached skill level 4 in Polearms
   970 | D:2      | Reached XP level 4. HP: 21/38 MP: 4/4
  1079 | D:2      | Found a snail-covered altar of Cheibriados.
  1372 | D:3      | Found an ancient bone altar of Kikubaaqudgha.
  1473 | D:3      | Killed from afar by an orc priest

Skill      XL: |  1  2  3 |
---------------+----------+-----
Dodging        | 3 |  3.8
Polearms       | 4 |  4.3
Fighting       | |  3.2

Action                   |  1- 3 |  4- 6 || total
-------------------------+-------+-------++-------
Melee: Spear             |    88 |    40 ||   128
       Tailslap          |     8 |     2 ||    10
 Fire: Hunting sling     |       |    17 ||    17
Throw: Stone             |    45 |     2 ||    47
 Stab: Sleeping          |     3 |       ||     3
       Invisible         |     1 |       ||     1
       Paralysed         |       |     2 ||     2
  Eat: Chunk             |       |     1 ||     1
Armor: Skin              |    25 |     7 ||    32
Dodge: Dodged            |    37 |    25 ||    62
